TOP OF THE 1ST |
Tucson Toros batting - Pitching for Eugene Emeralds : RHP Armando Gutierrez
|
Pitching: RHP Armando Gutierrez
|
|
Batting: LHB Juan Bustabad
|
0-0: Ball 1-0: Ball 2-0: Called Strike 2-1: Ball 3-1: SINGLE (Groundball, 4MD, EV 106.9 MPH)
|
Batting: SHB Rodney Scott
|
0-0: Foul Ball, location: 2F 0-1: Swinging Strike 0-2: Ball 1-2: Ball 2-2: Foul Ball, location: 2F 2-2: Ball 3-2: Strikes out swinging Juan Bustabad steals 2nd base (no throw) Batter strikes out.
|
Batting: RHB David Holmes
|
0-0: Called Strike 0-1: Ball 1-1: Called Strike 1-2: Ground out 5-3 (Groundball, 56, EV 83.8 MPH)
|
Batting: LHB Pat Dodson
|
0-0: Ball 1-0: Called Strike 1-1: Ball 2-1: Ground out 6-3 (Groundball, 6, EV 103.1 MPH)
|
Top of the 1st over - 0 runs, 1 hit, 0 errors, 1 left on base; Tucson 0 - Eugene 0 |
BOTTOM OF THE 1ST |
Eugene Emeralds batting - Pitching for Tucson Toros : RHP Jim Acker
|
Pitching: RHP Jim Acker
|
|
Batting: LHB James Peters
|
0-0: Called Strike 0-1: Ground out 5-3 (Groundball, 56, EV 87.5 MPH)
|
Batting: LHB Alfredo Edmead
|
0-0: Fly out, F7 (Flyball, 7LS, EV 92.5 MPH)
|
Batting: LHB Ty Gainey
|
0-0: Ball 1-0: Called Strike 1-1: Ball 2-1: Called Strike 2-2: Foul Ball, location: 2F 2-2: SOLO HOME RUN (Flyball, 9LD, EV 105.0 MPH), Distance : 358 ft
|
Batting: LHB Dave Revering
|
0-0: Ball 1-0: Ball 2-0: Foul Ball, location: 2F 2-1: Hit by Pitch
|
Batting: RHB Tony Pena
|
0-0: Ball 1-0: Fly out, F8 (Flyball, 8RD, EV 98.1 MPH)
|
Bottom of the 1st over - 1 run, 1 hit, 0 errors, 1 left on base; Tucson 0 - Eugene 1 |
TOP OF THE 2ND |
Tucson Toros batting - Pitching for Eugene Emeralds : RHP Armando Gutierrez
|
Batting: LHB Tim Krauss
|
0-0: Called Strike 0-1: Foul Ball, location: 2F 0-2: Ball 1-2: Ball 2-2: Foul Ball, location: 2F 2-2: Ball 3-2: Foul Ball, location: 2F 3-2: Fly out, F3 (Flyball, 3D, EV 83.8 MPH)
|
Batting: SHB Michael Miara
|
0-0: Fly out, F8 (Flyball, 8RXD, EV 109.4 MPH)
|
Batting: LHB Danny Garcia
|
0-0: Ball 1-0: Called Strike 1-1: Ball 2-1: Ball 3-1: Called Strike 3-2: Base on Balls
|
Batting: LHB Bruce Boisclair
|
0-0: Ball 1-0: Fly out, F6 (Popup, 6M, EV 61.9 MPH)
|
Top of the 2nd over - 0 runs, 0 hits, 0 errors, 1 left on base; Tucson 0 - Eugene 1 |
BOTTOM OF THE 2ND |
Eugene Emeralds batting - Pitching for Tucson Toros : RHP Jim Acker
|
Batting: RHB Tim Wallach
|
0-0: Foul Ball, location: 2F 0-1: Ball 1-1: Foul Ball, location: 2F 1-2: Foul Ball, location: 2F 1-2: Ball 2-2: Fly out, F3 (Popup, 3D, EV 63.1 MPH)
|
Batting: LHB Milt May
|
0-0: Called Strike 0-1: Swinging Strike 0-2: Ball 1-2: Strikes out looking
|
Batting: LHB Terry Lee
|
0-0: Called Strike 0-1: Swinging Strike 0-2: SINGLE (Groundball, 5D, EV 98.8 MPH)
|
Batting: RHB Derrell Baker
|
0-0: Ball 1-0: Called Strike 1-1: Called Strike 1-2: Ball 2-2: DOUBLE (Line Drive, 9LS, EV 100.0 MPH) Terry Lee to third Runner from 3rd tries for Home, throw by RF and OUT! 9-4-2
|
Bottom of the 2nd over - 0 runs, 2 hits, 0 errors, 1 left on base; Tucson 0 - Eugene 1 |
TOP OF THE 3RD |
Tucson Toros batting - Pitching for Eugene Emeralds : RHP Armando Gutierrez
|
Batting: RHB Talmadge Tanks
|
0-0: Ground out 5-3 (Groundball, 56S, EV 66.9 MPH)
|
Batting: LHB Juan Bustabad
|
0-0: Ball 1-0: Called Strike 1-1: Ball 2-1: Swinging Strike 2-2: SINGLE (Line Drive, 5D, EV 96.3 MPH)
|
Batting: SHB Rodney Scott
|
0-0: Ball 1-0: Ball Juan Bustabad steals 2nd base 2-0: Ground out 4-3 (Groundball, 34D, EV 81.3 MPH) Juan Bustabad to third
|
Batting: RHB David Holmes
|
0-0: Foul Ball, location: 2F 0-1: Ball 1-1: Called Strike 1-2: Ball 2-2: Fly out, F8 (Flyball, 8LXD, EV 97.5 MPH)
|
Top of the 3rd over - 0 runs, 1 hit, 0 errors, 1 left on base; Tucson 0 - Eugene 1 |
BOTTOM OF THE 3RD |
Eugene Emeralds batting - Pitching for Tucson Toros : RHP Jim Acker
|
Batting: LHB James Peters
|
0-0: Ball 1-0: Swinging Strike 1-1: SOLO HOME RUN (Flyball, 89XD, EV 95.0 MPH), Distance : 424 ft
|
Batting: LHB Alfredo Edmead
|
0-0: Reached on error, E4 (Groundball, 4, EV 104.4 MPH)
|
Batting: LHB Ty Gainey
|
0-0: Ground out 6-3 (Groundball, 4M, EV 99.4 MPH) Alfredo Edmead to second
|
Batting: LHB Dave Revering
|
0-0: Called Strike 0-1: Ball 1-1: Ball 2-1: Ball 3-1: Base on Balls
|
Batting: RHB Tony Pena
|
0-0: Ball 1-0: Called Strike 1-1: Ball 2-1: Called Strike 2-2: Strikes out swinging
|
Batting: RHB Tim Wallach
|
0-0: Fielders Choice at 2nd, 6-4 (Groundball, 6, EV 111.9 MPH)
|
Bottom of the 3rd over - 1 run, 1 hit, 1 error, 2 left on base; Tucson 0 - Eugene 2 |
TOP OF THE 4TH |
Tucson Toros batting - Pitching for Eugene Emeralds : RHP Armando Gutierrez
|
Batting: LHB Pat Dodson
|
0-0: Called Strike 0-1: Ball 1-1: Swinging Strike 1-2: Ball 2-2: SINGLE (Groundball, 4MD, EV 103.1 MPH)
|
Batting: LHB Tim Krauss
|
0-0: Called Strike 0-1: Ball 1-1: Ball 2-1: Ball Wild Pitch! Pat Dodson to second 3-1: DOUBLE (Line Drive, 7LM, EV 108.8 MPH) Pat Dodson scores
|
Batting: SHB Michael Miara
|
0-0: Called Strike 0-1: Swinging Strike 0-2: Foul Ball, location: 2F 0-2: SINGLE (Groundball, 56D, EV 105.6 MPH) Tim Krauss to third Runner from 3rd tries for Home, SAFE, throw by LF to home
|
Batting: LHB Danny Garcia
|
0-0: DOUBLE (Line Drive, 9LM, EV 93.8 MPH) Michael Miara to third Runner from 3rd tries for Home, SAFE, no throw by RF
|
Batting: LHB Bruce Boisclair
|
0-0: Ball 1-0: Foul Ball, location: 2F 1-1: Ball 2-1: Foul Ball, location: 2F 2-2: Ball 3-2: DOUBLE (Line Drive, 78M, EV 111.9 MPH) Danny Garcia scores
|
Batting: RHB Talmadge Tanks
|
0-0: Called Strike 0-1: Foul Ball, location: 2F 0-2: Ball 1-2: Ball 2-2: Ball 3-2: Base on Balls
|
Batting: LHB Juan Bustabad
|
0-0: Called Strike 0-1: Swinging Strike 0-2: Ball 1-2: Fielders Choice at 2nd, 4-6 (Groundball, 4, EV 83.8 MPH) Bruce Boisclair to third
|
Batting: SHB Rodney Scott
|
0-0: Ball 1-0: Called Strike 1-1: Called Strike 1-2: Strikes out swinging
|
Batting: RHB David Holmes
|
0-0: Ball 1-0: Swinging Strike 1-1: Ball 2-1: Swinging Strike 2-2: Ball 3-2: Ground out 4-3 (Groundball, 4, EV 86.9 MPH)
|
Top of the 4th over - 4 runs, 5 hits, 0 errors, 2 left on base; Tucson 4 - Eugene 2 |
BOTTOM OF THE 4TH |
Eugene Emeralds batting - Pitching for Tucson Toros : RHP Jim Acker
|
Batting: LHB Milt May
|
0-0: Ball 1-0: Called Strike 1-1: Fly out, F9 (Flyball, 9LM, EV 77.5 MPH)
|
Batting: LHB Terry Lee
|
0-0: Ball 1-0: Ball 2-0: Called Strike 2-1: Ground out 2-3 (Groundball, 2L, EV 64.4 MPH)
|
Batting: RHB Derrell Baker
|
0-0: Foul Ball, location: 2F 0-1: Ground out 5-3 (Groundball, 5, EV 103.8 MPH)
|
Bottom of the 4th over - 0 runs, 0 hits, 0 errors, 0 left on base; Tucson 4 - Eugene 2 |
TOP OF THE 5TH |
Tucson Toros batting - Pitching for Eugene Emeralds : RHP Armando Gutierrez
|
Batting: LHB Pat Dodson
|
0-0: Ground out 6-3 (Groundball, 4MD, EV 104.4 MPH)
|
Batting: LHB Tim Krauss
|
0-0: Ball 1-0: DOUBLE (Line Drive, 7LM, EV 87.5 MPH)
|
Batting: SHB Michael Miara
|
0-0: Called Strike 0-1: Foul Ball, location: 2F 0-2: Fly out, F7 (Flyball, 78M, EV 86.9 MPH)
|
Batting: LHB Danny Garcia
|
0-0: Called Strike 0-1: Fly out, F3 (Popup, 34, EV 81.3 MPH)
|
Top of the 5th over - 0 runs, 1 hit, 0 errors, 1 left on base; Tucson 4 - Eugene 2 |
BOTTOM OF THE 5TH |
Eugene Emeralds batting - Pitching for Tucson Toros : RHP Jim Acker
|
Batting: LHB James Peters
|
0-0: Ball 1-0: Ball 2-0: Foul Ball, location: 2F 2-1: Ball 3-1: Base on Balls
|
Batting: LHB Alfredo Edmead
|
0-0: Swinging Strike 0-1: Ball 1-1: Foul Ball, location: 2F 1-2: Ball 2-2: Strikes out swinging
|
Batting: LHB Ty Gainey
|
0-0: Ball Wild Pitch! James Peters to second 1-0: Ball 2-0: Foul Ball, location: 2F 2-1: Ball 3-1: Base on Balls
|
Batting: LHB Dave Revering
|
0-0: Ball 1-0: Called Strike 1-1: Swinging Strike 1-2: SINGLE (Flyball, 3D, EV 92.5 MPH) James Peters to third Ty Gainey to second
|
Batting: RHB Tony Pena
|
0-0: Grounds into double play, 5-4-3 (Groundball, 56, EV 96.9 MPH)
|
Bottom of the 5th over - 0 runs, 1 hit, 0 errors, 2 left on base; Tucson 4 - Eugene 2 |
TOP OF THE 6TH |
Tucson Toros batting - Pitching for Eugene Emeralds : RHP Armando Gutierrez
|
Batting: LHB Bruce Boisclair
|
0-0: Ball 1-0: Foul Ball, location: 2F 1-1: Foul Ball, location: 2F 1-2: Ground out U3 (Groundball, 3, EV 84.4 MPH)
|
Batting: RHB Talmadge Tanks
|
0-0: Ball 1-0: Ball 2-0: Foul Ball, location: 2F 2-1: Called Strike 2-2: Foul Ball, location: 2F 2-2: Ball 3-2: Base on Balls
|
Batting: LHB Juan Bustabad
|
0-0: Ball 1-0: SINGLE (Line Drive, 56D, EV 98.1 MPH) Talmadge Tanks to second
|
Batting: SHB Rodney Scott
|
0-0: Foul Ball, location: 2F 0-1: Ball 1-1: Called Strike 1-2: Ball 2-2: Strikes out swinging
|
Batting: RHB David Holmes
|
0-0: Called Strike 0-1: Swinging Strike 0-2: Ball 1-2: Foul Ball, location: 2F 1-2: Fielders Choice at 2nd, 6-4 (Groundball, 6, EV 91.9 MPH)
|
Top of the 6th over - 0 runs, 1 hit, 0 errors, 2 left on base; Tucson 4 - Eugene 2 |
BOTTOM OF THE 6TH |
Eugene Emeralds batting - Pitching for Tucson Toros : RHP Jim Acker
|
Batting: RHB Tim Wallach
|
0-0: Ball 1-0: Fly out, F8 (Line Drive, 8RD, EV 103.1 MPH)
|
Batting: LHB Milt May
|
0-0: Ground out 1-3 (Groundball, 34S, EV 70.0 MPH)
|
Batting: LHB Terry Lee
|
0-0: Ground out U3 (Groundball, 34S, EV 85.0 MPH)
|
Bottom of the 6th over - 0 runs, 0 hits, 0 errors, 0 left on base; Tucson 4 - Eugene 2 |
TOP OF THE 7TH |
Tucson Toros batting - Pitching for Eugene Emeralds : RHP Armando Gutierrez
|
Batting: LHB Pat Dodson
|
0-0: Ball 1-0: Called Strike 1-1: Foul Ball, location: 2F 1-2: Ball 2-2: Foul Ball, location: 2F 2-2: SINGLE (Line Drive, 8RS, EV 95.0 MPH)
|
Batting: LHB Tim Krauss
|
0-0: Ball 1-0: Ball 2-0: Ball 3-0: Called Strike 3-1: Base on Balls Pat Dodson to second
|
Batting: SHB Michael Miara
|
0-0: Ball 1-0: Bunted foul 1-1: Bunt missed! 1-2: Ball 2-2: SINGLE (Groundball, 6D, EV 106.9 MPH) Pat Dodson to third Tim Krauss to second
|
Batting: LHB Danny Garcia
|
0-0: Foul Ball, location: 2F 0-1: Swinging Strike 0-2: Ball 1-2: Foul Ball, location: 2F 1-2: Foul Ball, location: 2F 1-2: Strikes out swinging
|
Batting: LHB Bruce Boisclair
|
0-0: SINGLE (Groundball, 34D, EV 96.3 MPH) Pat Dodson scores Tim Krauss to third Michael Miara to second Runner from 3rd tries for Home, SAFE, throw by RF to home
|
Batting: RHB Talmadge Tanks
|
0-0: Ball 1-0: Ball 2-0: Fielders Choice at 2nd, 6-4 (Groundball, 6, EV 80.0 MPH) Michael Miara to third
|
Batting: LHB Juan Bustabad
|
0-0: Called Strike 0-1: Ground out 3-1 (Groundball, 13, EV 78.8 MPH)
|
Top of the 7th over - 2 runs, 3 hits, 0 errors, 2 left on base; Tucson 6 - Eugene 2 |
BOTTOM OF THE 7TH |
Eugene Emeralds batting - Pitching for Tucson Toros : RHP Jim Acker
|
Batting: RHB Derrell Baker
|
0-0: Called Strike 0-1: Ball 1-1: Ball 2-1: Ball 3-1: Ground out 5-3 (Groundball, 56, EV 86.9 MPH)
|
Batting: LHB James Peters
|
0-0: Called Strike 0-1: Foul Ball, location: 2F 0-2: Ball 1-2: Fly out, F9 (Flyball, 89M, EV 81.3 MPH)
|
Batting: LHB Alfredo Edmead
|
0-0: Ball 1-0: Ground out 4-3 (Groundball, 4, EV 106.3 MPH)
|
Bottom of the 7th over - 0 runs, 0 hits, 0 errors, 0 left on base; Tucson 6 - Eugene 2 |
TOP OF THE 8TH |
Tucson Toros batting - Pitching for Eugene Emeralds : RHP Armando Gutierrez
|
Batting: SHB Rodney Scott
|
0-0: Ball 1-0: Called Strike 1-1: Ball 2-1: Swinging Strike 2-2: Ground out 6-3 (Groundball, P, EV 81.9 MPH)
|
Batting: RHB David Holmes
|
0-0: Ball 1-0: Foul Ball, location: 2F 1-1: Foul Ball, location: 2F 1-2: Ball 2-2: SINGLE (Line Drive, 4M, EV 108.8 MPH)
|
Batting: LHB Pat Dodson
|
0-0: Ball 1-0: Swinging Strike 1-1: Called Strike 1-2: Fielders Choice at 2nd, 3-6 (Groundball, 3S, EV 88.1 MPH)
|
Batting: LHB Tim Krauss
|
0-0: Ball 1-0: Foul Ball, location: 2F 1-1: Swinging Strike 1-2: Fly out, F8 (Line Drive, 8RD, EV 93.8 MPH)
|
Top of the 8th over - 0 runs, 1 hit, 0 errors, 1 left on base; Tucson 6 - Eugene 2 |
BOTTOM OF THE 8TH |
Eugene Emeralds batting - Pitching for Tucson Toros : RHP Jim Acker
|
Batting: LHB Ty Gainey
|
0-0: Foul Ball, location: 2F 0-1: Ball 1-1: Called Strike 1-2: Ball 2-2: Foul Ball, location: 2F 2-2: Ball 3-2: SINGLE (Line Drive, 6MD, EV 95.6 MPH)
|
Pitching: RHP Eddie Garcia
|
|
Batting: LHB Dave Revering
|
0-0: Ball 1-0: Ball 2-0: Hit by Pitch Ty Gainey to second
|
Batting: RHB Tony Pena
|
0-0: Called Strike 0-1: Called Strike 0-2: Strikes out swinging
|
Batting: RHB Tim Wallach
|
0-0: Swinging Strike 0-1: SINGLE (Flyball, 6D, EV 91.3 MPH) Ty Gainey to third Dave Revering to second
|
Batting: LHB Milt May
|
0-0: Ball Wild Pitch! Ty Gainey scores Dave Revering to third Tim Wallach to second 1-0: Ball 2-0: Called Strike 2-1: Foul Ball, location: 2F 2-2: Ball 3-2: Base on Balls
|
Pinch Hitting: LHB Randy Bush
|
0-0: Called Strike 0-1: Ball 1-1: Ball 2-1: Called Strike 2-2: Ball Wild Pitch! Dave Revering scores Tim Wallach to third Milt May to second 3-2: Foul Ball, location: 2F 3-2: Ground out 4-3 (Groundball, 4S, EV 74.4 MPH) Tim Wallach scores Milt May to third
|
Batting: RHB Derrell Baker
|
0-0: Ball 1-0: Swinging Strike 1-1: Ball 2-1: Ground out 4-3 (Groundball, 34D, EV 103.8 MPH)
|
Bottom of the 8th over - 3 runs, 2 hits, 0 errors, 1 left on base; Tucson 6 - Eugene 5 |
TOP OF THE 9TH |
Tucson Toros batting - Pitching for Eugene Emeralds : RHP Armando Gutierrez
|
Pitching: LHP Martin Pavlik
|
|
Now at SS: Bill Salazar
|
|
Batting: SHB Michael Miara
|
0-0: SINGLE (Groundball, 6MD, EV 103.1 MPH)
|
Batting: LHB Danny Garcia
|
0-0: Called Strike 0-1: Ball 1-1: Ball 2-1: Swinging Strike 2-2: Ball 3-2: Ground out 3-1 (Groundball, 13, EV 82.5 MPH) Michael Miara to second
|
Batting: LHB Bruce Boisclair
|
0-0: Ball 1-0: Ball 2-0: Called Strike 2-1: Ball 3-1: Foul Ball, location: 2F 3-2: Strikes out swinging
|
Batting: RHB Talmadge Tanks
|
0-0: Ball 1-0: Ball 2-0: Ball 3-0: Foul Ball, location: 2F 3-1: Foul Ball, location: 2F 3-2: Base on Balls
|
Batting: LHB Juan Bustabad
|
0-0: Ball 1-0: Ball 2-0: Ball 3-0: Foul Ball, location: 2F 3-1: Called Strike 3-2: Base on Balls Michael Miara to third Talmadge Tanks to second
|
Batting: SHB Rodney Scott
|
0-0: Fielders Choice at 2nd, 6-4 (Groundball, 6, EV 80.6 MPH)
|
Top of the 9th over - 0 runs, 1 hit, 0 errors, 3 left on base; Tucson 6 - Eugene 5 |
BOTTOM OF THE 9TH |
Eugene Emeralds batting - Pitching for Tucson Toros : RHP Eddie Garcia
|
Pitching: RHP Mike Morgan
|
|
Batting: LHB James Peters
|
0-0: Called Strike 0-1: Ball 1-1: Ground out 6-3 (Groundball, 6D, EV 94.4 MPH)
|
Batting: LHB Alfredo Edmead
|
0-0: Called Strike 0-1: Ball 1-1: Ball 2-1: Ground out 2-3 (Groundball, 15S, EV 66.9 MPH)
|
Batting: LHB Ty Gainey
|
0-0: Called Strike 0-1: Ball 1-1: Ground out 4-3 (Groundball, 4, EV 106.3 MPH)
|
Bottom of the 9th over - 0 runs, 0 hits, 0 errors, 0 left on base; Tucson 6 - Eugene 5 |
|